 Dungeon Crawl Stone Soup version 0.28.0-56-g4927b6849a (webtiles) character file.

Game seed: 5230068826805331336

18 Atelerd the Digger (level 2, 0/17 HPs)
             Began as an Octopode Earth Elementalist on Jan 25, 2023.
             Slain by a goblin
             ... wielding a +0 club
              (4 damage)
             ... on level 1 of the Dungeon.
             The game lasted 00:00:37 (542 turns).

Atelerd the Digger (Octopode Earth Elementalist)     Turns: 542, Time: 00:00:38

Health: 0/17       AC:  1    Str:  7    XL:     2   Next: 70%
Magic:  1/5        EV: 13    Int: 17    God:
Gold:   26         SH:  0    Dex: 12    Spells: 4/5 levels left

rFire   . . .      SeeInvis .   c - +0 short sword
rCold   . . .      Faith    .   (no shield)
rNeg    . . .      Spirit   .   (helmet restricted)
rPois   .          Reflect  .   (no amulet)
rElec   .          Harm     .   (no ring)
rCorr   .          Rampage  .   (no ring)
Will    .....                   (no ring)
Stlth   +++.......              (no ring)
HPRegen 0.05/turn               (no ring)
MPRegen 0.09/turn               (no ring)
                                (no ring)
                                (no ring)

@: no status effects
A: almost no armour, amphibious, 8 rings, camouflage 1, gelatinous body 1,
(nimble swimmer 1), tentacles
a: no special abilities


You were on level 1 of the Dungeon.
You visited 1 branch of the dungeon, and saw 1 of its levels.

You collected 40 gold pieces.
You spent 14 gold pieces at shops.

Inventory:

Hand Weapons
 c - a +0 short sword (weapon)
Missiles
 b - 13 stones
Scrolls
 a - a scroll of immolation {unknown}
Potions
 d - a potion of invisibility {unknown}
 e - a potion of degeneration
 f - a potion of ambrosia {unknown}


   Skills:
 - Level 2.0 Dodging
 - Level 2.6 Stealth
 - Level 2.0 Spellcasting
 * Level 2.2 Transmutations
 + Level 3.3 Earth Magic


You had 4 spell levels left.
You knew the following spells:

 Your Spells              Type           Power      Damage    Failure   Level
a - Sandblast             Erth           24%        2d8       4%          1

Your spell library contained the following spells:

 Spells                   Type           Power      Damage    Failure   Level
 Passwall                 Tmut/Erth      9%         N/A       10%         2
 Stone Arrow              Conj/Erth      14%        3d7       30%         3
 Petrify                  Tmut/Erth      11%        N/A       52%         4


Dungeon Overview and Level Annotations

Branches:
Dungeon (1/15)

Altars:

Shops:
D:1 !


Innate Abilities, Weirdness & Mutations

You cannot wear most types of armour.
You are amphibious.
You can wear up to eight rings at the same time.
Your skin changes colour to match your surroundings (Stealth+).
Your rubbery body absorbs attacks. (AC +1, EV +1)
((You are camouflaged when in or above water. (Stealth+)))
You have tentacles for arms and can constrict up to eight enemies at once.


Message History

There are monsters nearby!
The blast of sand hits the jackal.
You kill the jackal!
The jackal barely misses you. x3
You closely miss the jackal. You grab the jackal.
You constrict the jackal, but do no damage.
The jackal bites you. The jackal barely misses you. The jackal bites you.
There are monsters nearby!
The blast of sand hits the jackal but does no damage.
You constrict the jackal. The jackal closely misses you.
The jackal barely misses you. The jackal completely misses you.
There are monsters nearby!
The blast of sand hits the jackal!
You kill the jackal!
The jackal barely misses you. The goblin hits you with a +0 club.
The jackal bites you.
Unknown command.
The goblin hits you but does no damage.
Casting: Sandblast (safe; 4% risk of failure)
Confirm with . or Enter, or press ? or * to list all spells.
Aiming: Sandblast (safe; 4% risk of failure)
Press: ? - help, Shift-Dir - straight line, f - jackal
Aim: a jackal (74% to hit)
The blast of sand hits the jackal.
The jackal is almost dead.
The jackal closely misses you. The goblin closely misses you.
The jackal barely misses you.
Unknown command.
Casting: Sandblast (safe; 4% risk of failure)
Confirm with . or Enter, or press ? or * to list all spells.
You don't have enough magic to cast this spell.
Unknown command.
Unknown command.
You hit the jackal but do no damage. Your grab misses the jackal.
You squeeze the jackal, but do no damage.
The jackal is almost dead.
The jackal bites you.
* * * LOW HITPOINT WARNING * * *
The goblin hits you with a +0 club.
You die...

...#)......#........#
##.#)##'#..#........#
'....##.#..#........+
#######.#..#.)......###
........#..#...........
...........†...........
................##########
#########.......##.†.....#
###### #.......@h.†.....#
.....# #........g!.†.....
####.## #.................
#..##...####........... #
##.##...# #...##...... #
#.##...# #...# ...... #
#..#...####...# ...... #
##.#......#.... ...... #
#.#......#


You could see a jackal and a goblin.

Vanquished Creatures
  2 giant cockroaches (D:1)
  3 goblins (D:1)
  A hobgoblin (D:1)
  3 jackals (D:1)
  A quokka (D:1)
  A ball python (D:1)
  A bat (D:1)
  3 kobolds (D:1)
  A rat (D:1)
16 creatures vanquished.

Notes
Turn   | Place    | Note
-------+----------+-------------------------------------------
     0 | D:1      | Atelerd the Octopode Earth Elementalist began the quest for
                  | the Orb.
     0 | D:1      | Reached XP level 1. HP: 11/11 MP: 3/3
   294 | D:1      | Found Ruiddig's Distillery.
   316 | D:1      | Reached XP level 2. HP: 17/17 MP: 0/5
   373 | D:1      | Bought a potion of degeneration for 14 gold pieces
   542 | D:1      | Slain by a goblin

Illustrated notes

Levels and vault maps discovered:
D:1:      elethiomel_arrival_quiet, layout_basic, serial_shops,
          nicolae_shop_waterfront

Skill      XL: |  1  2 |
---------------+-------+-----
Transmutations | 2 |  2.2
Dodging        | |  2.0
Stealth        | |  2.6
Spellcasting   | |  2.0
Earth Magic    | |  3.3

Action                   || total
-------------------------++-------
Melee: Constrict         ||     7
       Short sword       ||    12
       Unarmed           ||     2
       Tentacles         ||     2
 Cast: Sandblast         ||    21
 Stab: Sleeping          ||     1
Armor: Skin              ||     4
Dodge: Dodged            ||    26
